 Dungeon Crawl Stone Soup version 0.18-b1-14-g029dad2 (webtiles) character file.

121 ThermosAquaticus the Skirmisher (level 4, -1/39 HPs)
             Began as a Mummy Monk on Apr 30, 2016.
             Killed from afar by an orc wizard (4 damage)
             ... with a puff of flame
             ... on level 4 of the Dungeon.
             The game lasted 00:05:15 (2180 turns).

ThermosAquaticus the Skirmisher (Mummy Monk)        Turns: 2180, Time: 00:05:15

Health: -1/39      AC:  5    Str: 14    XL:     4   Next: 77%
Magic:  4/4        EV: 11    Int:  9    God:
Gold:   171        SH:  0    Dex: 15    Spells: 0 memorised, 3 levels left

rFire  x . .     SeeInvis .       - Unarmed
rCold  + . .     Gourm    .     i - +0 ring mail
rNeg   + + +     Faith    .     (no shield)
rPois  ∞         Spirit   .     (no helmet)
rElec  .         Dismiss  .     (no cloak)
rCorr  .         Reflect  .     (no gloves)
SustAt .         Harm     .     (no boots)
MR     .....                    (no amulet)
Stlth  +.........               (no ring)
                                (no ring)

@: not resistant to hostile enchantments, very unstealthy
A: no food or potions, fire vulnerability, cold resistance 1, negative energy
resistance 3, torment resistance, unbreathing
a: no special abilities


You were on level 4 of the Dungeon.
You were not hungry.

You visited 1 branch of the dungeon, and saw 4 of its levels.

You collected 171 gold pieces.

Inventory:

Hand Weapons
 f - a +0 whip
Missiles
 b - 52 poisoned needles
 d - 2 javelins (quivered)
Armour
 a - a +0 robe
 i - a +0 ring mail (worn)
Rods
 l - a +0 rod of shadows (11/11)
   (You found it on level 4 of the Dungeon)
Jewellery
 e - a cursed amulet of inaccuracy {unknown}
Scrolls
 c - 3 scrolls of identify {unknown}
 g - a scroll of amnesia {unknown}
 h - a scroll of enchant armour {unknown}
 j - a scroll of teleportation {unknown}
 k - a scroll of remove curse {unknown}
 m - a scroll of noise {unknown}


   Skills:
 - Level 5.1 Fighting
 + Level 1.4 Maces & Flails
 - Level 2.4 Dodging
 - Level 1.5 Stealth
 - Level 3.2 Unarmed Combat


You had 3 spell levels left.
You didn't know any spells.

Dungeon Overview and Level Annotations

Branches:
Dungeon (4/15)
 Temple: D:4-7

Altars:
Sif Muna
Xom

Annotations:
D:3 Grinder


Innate Abilities, Weirdness & Mutations

You do not eat or drink.
Your flesh is vulnerable to fire.
You are immune to poison.
Your flesh is cold resistant.
You are immune to negative energy.
You are immune to unholy pain and torment.
You can survive without breathing.


Message History

You barely miss the orc wizard.
The orc wizard is moderately wounded.
The orc curses loudly.
The orc barely misses you. The orc wizard barely misses you.
You closely miss the orc wizard.
The orc wizard is moderately wounded.
The orc hits you with a flail of protection.
* * * LOW HITPOINT WARNING * * *
The orc wizard hits you but does no damage.
You barely miss the orc wizard.
The orc wizard is moderately wounded.
The orc hits you with a flail of protection!
* * * LOW HITPOINT WARNING * * *
You can't drink.
You aren't carrying any items that you can evoke without wielding.
You closely miss the orc wizard.
The orc wizard is moderately wounded.
The orc wizard gestures at you while chanting.
The puff of flame hits you! The fire burns you terribly!
You die...

...o#.. ...o... .....oo ###
....... #.. .......####.#
...?(..#...####
..........[#..### #
....#######..#..## # ##.. ..
##(@o..# #. #... ... ##o..####.#
#..# ....# #......#.#.## ##...
.....#########..>#.......###...#
<........................#....#
.............####.............(
##.....###### ##............
#.....# ##......####.. #.....#
#.......# ##.


You could see an orc wizard and an orc.

Vanquished Creatures
  A giant frog skeleton (D:4)
  4 adders (D:2)
  An ooze (D:2)
  2 dart slugs (D:2)
  3 giant geckos (D:2)
  3 orcs (D:4)
  2 giant cockroaches (D:2)
  6 goblins
  2 hobgoblins
  2 quokkas (D:2)
  7 bats
  2 giant newts (D:1)
  4 kobolds
  4 rats
43 creatures vanquished.

Notes
Turn   | Place    | Note
--------------------------------------------------------------
     0 | D:1      | ThermosAquaticus the Mummy Monk began the quest for the Orb.
     0 | D:1      | Reached XP level 1. HP: 18/18 MP: 1/1
   188 | D:1      | Reached XP level 2. HP: 24/24 MP: 2/2
   483 | D:2      | Reached skill level 4 in Fighting
   668 | D:2      | Reached XP level 3. HP: 30/30 MP: 3/3
  1458 | D:2      | Reached XP level 4. HP: 38/38 MP: 4/4
  1526 | D:2      | Reached skill level 5 in Fighting
  1578 | D:2      | Found a deep blue altar of Sif Muna.
  1578 | D:2      | Found a shimmering altar of Xom.
  1953 | D:3      | Noticed Grinder
  2063 | D:4      | Identified a +0 rod of shadows (11/11) (You found it on level 4 of the Dungeon)
  2109 | D:4      | Reached skill level 1 in Maces & Flails
  2180 | D:4      | Killed from afar by an orc wizard

Skill      XL: |  1  2  3  4 |
---------------+-------------+-----
Fighting       | 4 5 |  5.1
Maces & Flails | 1 |  1.4
Dodging        | |  2.4
Stealth        | |  1.5
Unarmed Combat | |  3.2

Action                   |  1- 3 |  4- 6 || total
-------------------------+-------+-------++-------
Melee: Unarmed           |   119 |    87 ||   206
       Punch             |       |     2 ||     2
 Stab: Sleeping          |     5 |       ||     5
Armor: Robe              |    16 |       ||    16
       Ring mail         |       |    29 ||    29
Dodge: Dodged            |    68 |    45 ||   113
